 Dungeon Crawl Stone Soup version 0.26.1-11-gd32895ea62 (webtiles) character file.

Game seed: 12004343619363467322

56 seveneves the Shield-Bearer (level 3, -2/33 HPs)
             Began as a Minotaur Fighter on July 22, 2021.
             Slain by an ogre
             ... wielding a +0 giant club
              (12 damage)
             ... on level 2 of the Dungeon.
             The game lasted 00:03:18 (906 turns).

seveneves the Shield-Bearer (Minotaur Fighter)       Turns: 906, Time: 00:03:18

Health: -2/33      AC:  7    Str: 21    XL:     3   Next: 71%
Magic:  2/2        EV:  7    Int:  5    God:
Gold:   78         SH:  9    Dex:  9    Spells: 2/2 levels left

rFire    . . .     SeeInvis .   a - +0 long sword
rCold    . . .     Faith    .   j - +0 kite shield
rNeg     . . .     Spirit   .   b - +0 scale mail
rPois    .         Reflect  .   (helmet restricted)
rElec    .         Harm     .   (no cloak)
rCorr    .         Rampage  .   (no gloves)
Will     .....                  (no boots)
Stlth    ..........             (no amulet)
HPRegen  0.11/turn              (no ring)
MPRegen  0.08/turn              (no ring)

@: no status effects
A: retaliatory headbutt, horns 2
a: no special abilities


You were on level 2 of the Dungeon.
You visited 1 branch of the dungeon, and saw 2 of its levels.

You collected 78 gold pieces.

Inventory:

Hand Weapons
 a - a +0 long sword (weapon)
Armour
 b - a +0 scale mail (worn)
 c - a +0 kite shield
 j - a +0 kite shield (worn)
Scrolls
 e - a scroll of teleportation {unknown}
 f - 2 scrolls of identify {unknown}
 i - a scroll of remove curse {unknown}
Potions
 d - a potion of might
 g - 3 potions of haste {unknown}
 h - a potion of curing {unknown}
 k - a potion of degeneration {unknown}


   Skills:
 + Level 4.1 Fighting
 + Level 3.4 Long Blades
 + Level 4.0 Armour
 + Level 4.3 Shields


You had 2 spell levels left.
You didn't know any spells.
Your spell library was empty.

Dungeon Overview and Level Annotations

Branches:
Dungeon (2/15)

Altars:
Makhleb
Xom


Innate Abilities, Weirdness & Mutations

You reflexively headbutt those who attack you in melee.
You have a pair of horns on your head.


Message History

You block the ogre's attack.
You completely miss the ogre. The ogre barely misses you.
You riposte.
You barely miss the ogre. You headbutt the ogre.
The ogre is moderately wounded.
You completely miss the ogre.
The ogre is moderately wounded.
The ogre hits you with a +0 giant club!
Ouch! That really hurt!
You are too injured to fight recklessly!
You are too injured to fight recklessly!
You hit the ogre.
The ogre is heavily wounded.
The ogre hits you with a +0 giant club!
You slash the ogre!
The ogre is almost dead.
The ogre hits you but does no damage.
You barely miss the ogre. You headbutt the ogre.
The ogre is almost dead.
The ogre hits you with a +0 giant club!
You die...

#.........#
#8..8##...
#.........#
#....⌠####
####...#### ##..###
#...# #...._###
#...# ##..###.##
###.# # #.....#..#
#.#.#####..###...
####....##.....##...
#.O@.....###..###...
#.......##_....##...
#.)...$.###..⌠.##...
#.......# #######..#
#.......# #...##
#.......# ##'##
#.......# #.#
####.#### #.#
###.###


You could see an ogre.

Vanquished Creatures
  An adder (D:2)
  3 dart slugs
  2 giant cockroaches (D:2)
  7 goblins
  5 hobgoblins
  4 jackals (D:2)
  5 kobolds
  A quokka (D:2)
  5 bats
  2 frilled lizards (D:2)
  3 rats
38 creatures vanquished.

Notes
Turn   | Place    | Note
-------+----------+-------------------------------------------
     0 | D:1      | seveneves the Minotaur Fighter began the quest for the Orb.
     0 | D:1      | Reached XP level 1. HP: 19/19 MP: 0/0
   133 | D:1      | Reached XP level 2. HP: 27/27 MP: 1/1
   534 | D:2      | Reached XP level 3. HP: 33/33 MP: 2/2
   847 | D:2      | Found a shimmering altar of Xom.
   857 | D:2      | Found a burning altar of Makhleb.
   899 | D:2      | Noticed an ogre
   906 | D:2      | Slain by an ogre

Illustrated notes

Levels and vault maps discovered:
D:1:      dpeg_arrival_rhombi, layout_rooms, minmay_misc_feat_tiny,
          minivault_11, minmay_pentomino_v2
D:2:      layout_loops_corners, minitemple

Skill      XL: |  1  2  3 |
---------------+----------+-----
Fighting       | 4 |  4.1
Shields        | 4 |  4.3
Armour         | 4 |  4.0
Long Blades    | 3 |  3.4

Action                   || total
-------------------------++-------
Melee: Long sword        ||    95
       Headbutt          ||    18
Armor: Scale mail        ||    43
Dodge: Dodged            ||    31
Block: Kite shield       ||    48
       Rpst.: Long sword ||    11
